 Dungeon Crawl Stone Soup version 0.22.1-1-ga44c0e5 (webtiles) character file.

219 dvd the Scratcher (level 5, -1/19 HPs)
             Began as a Felid Transmuter on Oct 9, 2018.
             Was a Believer of Hepliaklqana.
             Slain by an ogre
             ... wielding a +0 giant club
              (20 damage)
             ... on level 4 of the Dungeon.
             The game lasted 00:12:15 (5169 turns).

dvd the Scratcher (Felid Transmuter)                Turns: 5169, Time: 00:12:16

Health: -1/19      AC:  2    Str:  6    XL:     5   Next: 64%
Magic:  7/10       EV: 23    Int: 15    God:    Hepliaklqana [**....]
Gold:   181        SH:  0    Dex: 22    Spells: 5/9 levels left
                                        Lives:  0   Deaths: 1

rFire    . . .     SeeInvis +     - Unarmed
rCold    . . .     Gourm    .   (shield unavailable)
rNeg     . . .     Faith    .   (armour unavailable)
rPois    x         Spirit   .   (helmet unavailable)
rElec    .         Reflect  .   (cloak unavailable)
rCorr    .         Harm     .   (gloves unavailable)
MR       .....                  (boots unavailable)
Stlth    ++........             (no amulet)
HPRegen  0.06/turn              (no ring)
MPRegen  0.12/turn              (no ring)

@: spider-form
A: tiny, no armour, no weapons or thrown items, stealth, reduced essence, see
invisible, carnivore, slow metabolism 1
a: End Transformation, Recall Ancestor, Ancestor Identity, Renounce Religion


You were on level 4 of the Dungeon.
You worshipped Hepliaklqana.
Hepliaklqana was pleased with you.
You were completely stuffed.
You were a venomous arachnid creature.
You visited 1 branch of the dungeon, and saw 4 of its levels.

You collected 181 gold pieces.

Inventory:

Missiles
 a - 24 arrows
Wands
 o - a wand of disintegration (15)
 s - a wand of clouds (6)
 t - a wand of flame (21)
Scrolls
 e - 10 scrolls of identify {unknown}
 g - 3 scrolls of fear {unknown}
 j - 3 scrolls of remove curse {unknown}
 k - a scroll of amnesia {unknown}
 m - a scroll of blinking {unknown}
 n - 3 scrolls of magic mapping {unknown}
 p - a scroll of enchant armour {unknown}
Potions
 b - a potion of heal wounds
 d - a potion of curing {unknown}
 f - a potion of flight {unknown}
 h - a potion of degeneration {unknown}
 i - 2 potions of mutation {unknown}
 l - a potion of invisibility {unknown}
 q - a potion of haste {unknown}
Comestibles
 c - 2 rations


   Skills:
 + Level 1.2 Fighting
 + Level 3.7 Dodging
 + Level 1.8 Stealth
 + Level 4.5 Unarmed Combat
 + Level 2.9 Spellcasting
 * Level 4.1 Transmutations
 + Level 0.7 Poison Magic


You had 5 spell levels left.
You knew the following spells:

 Your Spells              Type           Power        Failure   Level  Hunger
a - Beastly Appendage     Tmut           ##....       12%         1    #......
b - Spider Form           Tmut/Pois      #.........   43%         3    ###....

Your spell library contained the following spells:

 Spells                   Type           Power        Failure   Level  Hunger
 Sticks to Snakes         Tmut           ##......     16%         2    ##.....
 Ice Form                 Ice/Tmut       #.......     82%         4    #####..
 Blade Hands              Tmut           ##........   86%         5    ######.


Dungeon Overview and Level Annotations

Branches:
Dungeon (4/15)             Temple (0/1) D:4

Altars:
Hepliaklqana
Trog
Vehumet
Wu Jian
Xom

Shops:
D:4 [

Annotations:
D:3 Sigmund
D:4 3 runed doors, zapotec's ghost, novice DsGl


Innate Abilities, Weirdness & Mutations

You cannot wear armour.
You are incapable of wielding weapons or throwing items.
Your paws allow you to move quietly. (Stealth)
((You have sharp claws.))
((You have razor-sharp teeth.))
You have supernaturally acute eyesight. (SInv)
You are carnivorous and can eat meat at any time.
((You cover ground quickly.))
((You are covered in fur. (AC +1)))
You have a slow metabolism.
((Your sharp claws are effective at attacking unaware monsters.))
Your life essence is reduced to manifest your ancestor. (-10% HP)


Message History

The hound barks!
You swap places.
There is a stone staircase leading up here.
There is a stone staircase leading up here.
An ogre comes into view. It is wielding a giant club.
The ogre shouts!
Found a pair of boots.
Casting: Spider Form (safe; 22% risk of failure)
Confirm with . or Enter, or press ? or * to list all spells.
You turn into a venomous arachnid creature.
You hit the ogre.
The ogre is poisoned.
The ogre is lightly wounded.
A hound comes into view.
The ogre barely misses you.
The hound barks!
You hit the ogre but do no damage.
The ogre looks as sick as possible!
The ogre is moderately wounded.
The ogre hits you with a giant club!!
Ouch! That really hurt!
You die...

#.#
.##.####.#....#
#.........# #.
..#...#
#.#....#
#####.##... +
.$###.##
#.##.#.#
#.##### +
..W.####
#......#
#...... +W...##
####.###
####### #ZZ...#
#.######
#.#.#.#
########......#
###
#.......R####.#
.....###s# #.#
#.O.h....
...#.#... .....
# .#.....
..##..... [.
....##. .#
....# #.


You could see the friendly Mbali the knight, an ogre and a hound.

Vanquished Creatures
  2 orc priests
  Terence (D:3)
  A worker ant (D:4)
  2 gnolls (D:4)
  4 adders
  An ooze (D:2)
  A dart slug (D:4)
  4 leopard geckos
  2 orcs (D:4)
  8 ball pythons
  6 giant cockroaches
  5 goblins
  9 hobgoblins
  7 jackals
  7 bats
  2 frilled lizards
  5 kobolds
  3 rats
70 creatures vanquished.

Vanquished Creatures (collateral kills)
  2 adders
  2 gnolls (D:4)
  4 orcs
  2 goblins
  4 jackals
  A kobold (D:3)
  A frilled lizard (D:4)
16 creatures vanquished.

Vanquished Creatures (others)
  5 dream sheep (D:3)
  An ancestor (D:2)
6 creatures vanquished.

Grand Total: 92 creatures vanquished

Notes
Turn   | Place    | Note
-------+----------+-------------------------------------------
     0 | D:1      | dvd the Felid Transmuter began the quest for the Orb.
     0 | D:1      | Reached XP level 1. HP: 9/9 MP: 4/4
   135 | D:1      | Reached XP level 2. HP: 6/12 MP: 3/6
   806 | D:1      | Reached XP level 3. HP: 9/15 MP: 5/7
  1382 | D:2      | Learned a level 3 spell: Spider Form
  1385 | D:2      | Found a faded altar of an unknown god.
  1395 | D:2      | Became a worshipper of Hepliaklqana the Forgotten
  1395 | D:2      | Reached * piety under Hepliaklqana
  2072 | D:2      | Found a bloodstained altar of Trog.
  2565 | D:2      | Reached XP level 4. HP: 17/17 MP: 6/8
  2572 | D:2      | Reached skill level 1 in Stealth
  2689 | D:2      | Reached ** piety under Hepliaklqana
  2691 | D:2      | Remembered your ancestor Mbali as a knight
  3034 | D:3      | Noticed Terence
  3042 | D:3      | Noticed Sigmund
  3057 | D:3      | Killed Terence
  3795 | D:3      | Reached XP level 5. HP: 8/19 MP: 0/10
  4011 | D:3      | Found a shimmering altar of Xom.
  4011 | D:3      | Noticed a dream sheep
  4011 | D:3      | Noticed a dream sheep
  4011 | D:3      | Noticed a dream sheep
  4011 | D:3      | Noticed a dream sheep
  4011 | D:3      | Noticed a dream sheep
  4018 | D:3      | Killed a dream sheep
  4018 | D:3      | Killed a dream sheep
  4018 | D:3      | Killed a dream sheep
  4018 | D:3      | Killed a dream sheep
  4019 | D:3      | Killed a dream sheep
  4246 | D:3      | Killed from afar by an orc priest
  4247 | D:3      | Reached XP level 4. HP: -6/17 MP: 5/9
  4338 | D:4      | Found Bewk's Armour Boutique.
  4524 | D:4      | Reached XP level 5. HP: 19/19 MP: 6/10
  4683 | D:4      | Found a radiant altar of Vehumet.
  4694 | D:4      | Found a runed gate.
  4694 | D:4      | Found a runed gate.
  4696 | D:4      | Found a runed gate.
  4699 | D:4      | Noticed zapotec's ghost (novice DsGl)
  5018 | D:4      | Found an ornate altar of the Wu Jian Council.
  5060 | D:4      | Found a staircase to the Ecumenical Temple.
  5165 | D:4      | Noticed an ogre
  5169 | D:4      | Slain by an ogre

Skill      XL: |  1  2  3  4 |
---------------+-------------+-----
Transmutations | 3 4 |  4.1
Dodging        | 3 |  3.7
Stealth        | 1 |  1.8
Unarmed Combat | 4 |  4.5
Fighting       | |  1.2
Spellcasting   | |  2.9
Poison Magic   | |  0.7

Action                   |  1- 3 |  4- 6 || total
-------------------------+-------+-------++-------
Melee: Unarmed           |   109 |    84 ||   193
       Headbutt          |    16 |     1 ||    17
       Bite              |     6 |     1 ||     7
       Punch             |     1 |       ||     1
 Cast: Beastly Appendage |    27 |     4 ||    31
       Spider Form       |       |    17 ||    17
Invok: Ancestor Identity |     1 |       ||     1
       Recall Ancestor   |       |     3 ||     3
       Ancestor Life: Kn |       |     1 ||     1
 Abil: End Transformatio |       |     1 ||     1
  Use: Potion            |       |     1 ||     1
 Stab: Sleeping          |     5 |     1 ||     6
  Eat: Chunk             |    11 |    13 ||    24
Armor: Skin              |     8 |     2 ||    10
Dodge: Dodged            |    85 |    99 ||   184
